 Adventure DCSS version bcrawl-1.18.1 (webtiles) character file.

Game seed: 6685333737867394310

1343 Leeroy the Ducker (level 8, -3/68 HPs)
             Began as a Gnoll Reaver on Nov 11, 2019.
             Was an Elder of Vehumet.
             Killed by divine providence
             ... invoked by an orc priest
              (14 damage)
             ... on level 7 of the Dungeon.
             The game lasted 00:16:15 (5305 turns).

Leeroy the Ducker (Gnoll Reaver)                    Turns: 5305, Time: 00:16:16

Health: -3/68      AC:  9    Str: 13    XL:     8   Next: 62%
Magic:  9/17       EV: 17    Int: 17    God:    Vehumet [****..]
Gold:   463        SH:  9    Dex: 16    Spells: 4/20 levels left
                                        Lives:  0   Deaths: 2

rFire    + . .     SeeInvis .   a - +0 long sword
rCold    x . .     Gourm    .   v - +1 buckler
rNeg     . . .     Faith    .   b - +0 steam dragon scales
rPois    .         Spirit   .   (no helmet)
rElec    .         Reflect  .   (no cloak)
rCorr    .         Harm     .   (no gloves)
MR       .....                  (no boots)
Stlth    +++.......             e - amulet of regeneration
HPRegen  0.61/turn              i - +4 ring of protection
MPRegen  0.15/turn              o - ring of fire

@: very slightly contaminated
A: distributed training, fangs 1, strong nose
a: Renounce Religion


You were on level 7 of the Dungeon.
You worshipped Vehumet.
Vehumet was greatly pleased with you.
You were near starving.

You visited 1 branch of the dungeon, and saw 7 of its levels.
You also visited: Ossuary.

You collected 463 gold pieces.

Inventory:

Hand Weapons
 a - a +0 long sword (weapon)
 A - a +0 shortbow
 L - a +3 short sword
 N - a +3 flail
 O - a cursed +0 trident
 P - a +1 trident
 Q - a +2 flail
 S - a +0 dagger
 T - a +1 whip of freezing
 W - a +0 rapier
Missiles
 r - 131 javelins (quivered)
 x - 243 stones
 z - 151 sling bullets
 B - 442 arrows
 C - 218 poisoned needles
 U - 57 tomahawks
Armour
 b - +0 steam dragon scales (worn)
 v - a +1 buckler (worn)
Jewellery
 e - an amulet of regeneration (around neck)
 i - a +4 ring of protection (left hand)
 l - an uncursed ring of protection from cold
 o - a ring of fire (right hand)
Wands
 y - a wand of flame (9)
 R - a wand of disintegration (13)
Scrolls
 d - 4 scrolls of immolation
 h - 2 scrolls of teleportation {unknown}
 m - 4 scrolls of remove curse
 n - 4 scrolls of identify
 q - 2 scrolls of fog
 s - a scroll of magic mapping {unknown}
 t - a scroll of enchant armour
 u - a scroll of blinking
 w - a scroll of enchant weapon {unknown}
 H - 2 scrolls of fear
 M - a scroll of silence {unknown}
Potions
 c - 2 potions of haste
 g - a potion of magic {unknown}
 j - a potion of brilliance {unknown}
 k - 3 potions of agility {unknown}
 p - 2 potions of ambrosia {unknown}
 D - 3 potions of curing {unknown}
 E - a potion of flight {unknown}
 F - 2 potions of resistance {unknown}
 G - a potion of heal wounds {unknown}
 I - a potion of might {unknown}
 J - a potion of lignification {unknown}
 K - a potion of cancellation {unknown}
 V - a potion of mutation {unknown}
Comestibles
 f - 15 rations {!d}


   Skills:
 + Level 7.8 Fighting
 + Level 4.0 Short Blades
 + Level 7.8 Long Blades
 + Level 4.0 Axes
 + Level 4.0 Maces & Flails
 + Level 4.0 Polearms
 + Level 4.0 Staves
 + Level 4.0 Slings
 + Level 4.0 Bows
 + Level 4.0 Crossbows
 + Level 4.0 Throwing
 + Level 4.0 Armour
 + Level 7.8 Dodging
 + Level 4.0 Stealth
 + Level 4.0 Shields
 + Level 4.0 Unarmed Combat
 + Level 6.5 Spellcasting
 + Level 3.3 Conjurations
 + Level 3.3 Hexes
 + Level 3.3 Charms
 + Level 3.3 Summonings
 + Level 3.3 Necromancy
 + Level 3.3 Translocations
 + Level 3.3 Transmutations
 + Level 3.3 Fire Magic
 + Level 3.3 Ice Magic
 + Level 3.3 Air Magic
 + Level 3.3 Earth Magic
 + Level 3.3 Poison Magic
 + Level 4.4 Invocations
 + Level 4.0 Evocations


You had 4 spell levels left.
You knew the following spells:

 Your Spells              Type           Power        Failure   Level  Hunger
a - Sandblast             Erth           ###...       1%          1    None
b - Freeze                Ice            ###...       1%          1    None
c - Inner Flame           Hex/Fire       N/A          2%          3    ##.....
d - Iskenderun's Battles  Conj/Chrm      ###.....     22%         5    #####..
e - Dazzling Spray        Conj/Hex       ###...       2%          3    ##.....
f - Stone Arrow           Conj/Erth      ###...       2%          3    ##.....

Your spell library contained the following spells:

 Spells                   Type           Power        Failure   Level  Hunger


Dungeon Overview and Level Annotations

Branches:
Dungeon (7/12)             Temple (0/1) D:7            Lair (0/6) D:7

Altars:
Ashenzari
Elyvilon
Fedhas
Gozag
Nemelex Xobeh
Okawaru
Qazlal
Yredelemnul
Zin

Shops:
D:5 }

Annotations:
D:4 3 runed translucent doors, dscm's ghost, amateur DsAc


Innate Abilities, Weirdness & Mutations

Your experience applies equally to all skills.
You have very sharp teeth.
Your uncanny sense of smell can sniff out nearby items.


Message History

The warg is moderately wounded.
The warg barely misses you.
You slash the warg!
The warg is heavily wounded.
The warg misses you.
The orc priest invokes the aid of Beogh against you.
Beogh smites you!
* * * LOW HITPOINT WARNING * * *
The sky beast flickers out of sight!
Deactivating autopickup; reactivate with Ctrl-A.
Blink to where?
Press: ? - help, Dir - move target cursor You are very lightly contaminated with residual magic.
As you read the scroll labeled XUN COGUUGG, it crumbles to dust.
It was a scroll of blinking.
A centaur warrior skeleton comes into view.
Found a papyrus book.
The orc priest invokes the aid of Beogh against you.
Beogh smites you!
You die...

........##.........
.......#.[.########
#......#.### ##...#...#
.......§## #####
.##.##o§# #####...#
.##.##§§#####....O#....#
.##.##§§o.o...#h..#....#
5... #§#######..@###...#
#. #.# #....Z......# .#
#.# #....#.....#...# #
#. ....###..>..###.. #.
.#.. #:....# .# #. #.
........ ..###...# ...
..##


You could see a warg, an ogre, an orc priest and a centaur warrior skeleton.

Vanquished Creatures
  An ice beast (D:4)
  An orc warrior (D:6)
  A necrophage (D:6)
  2 centaurs
  A bullfrog (D:7)
  A gnoll sergeant (D:6)
  9 scorpions
  5 wights (D:6)
  2 howler monkeys
  3 centaur zombies
  A crimson imp (D:4)
  A bullfrog skeleton (D:4)
  A jelly (D:6)
  4 orc priests
  A hound (D:4)
  2 human zombies (Ossuary)
  An orc wizard (D:6)
  4 worker ants
  3 big kobold zombies (Ossuary)
  A hound zombie (D:7)
  4 mummies
  5 gnolls
  2 howler monkey skeletons (D:6)
  6 adders
  A scorpion zombie (Ossuary)
  An ooze (D:1)
  An adder zombie (D:7)
  A worm (D:2)
  2 dart slugs
  10 leopard geckos
  11 orcs
  2 giant cockroaches
  5 goblins
  12 hobgoblins
  14 jackals
  3 quokkas (D:2)
  8 bats
  5 frilled lizards
  3 gnoll zombies (Ossuary)
  A goblin zombie (D:6)
  5 hobgoblin zombies (Ossuary)
  9 kobolds
  3 kobold zombies
  A leopard gecko zombie (D:5)
  An orc zombie (Ossuary)
  A quokka zombie (D:5)
  5 rats
167 creatures vanquished.

Notes
Turn   | Place    | Note
-------+----------+-------------------------------------------
     0 | D:1      | Leeroy the Gnoll Reaver began the quest for the Orb.
     0 | D:1      | Reached XP level 1. HP: 23/23 MP: 6/6
    62 | D:1      | Reached XP level 2. HP: 29/29 MP: 7/7
   279 | D:1      | Reached * piety under Vehumet
   279 | D:1      | Offered knowledge of Sandblast by Vehumet.
   281 | D:1      | Reached XP level 3. HP: 33/35 MP: 9/9
   323 | D:1      | Reached skill level 5 in Spellcasting
   331 | D:1      | Learned a level 1 spell: Sandblast
   576 | D:1      | Reached skill level 1 in Invocations
   820 | D:2      | Found a glowing silver altar of Zin.
   859 | D:2      | Reached skill level 1 in Short Blades
   859 | D:2      | Reached skill level 1 in Axes
   859 | D:2      | Reached skill level 1 in Maces & Flails
   859 | D:2      | Reached skill level 1 in Polearms
   859 | D:2      | Reached skill level 1 in Staves
   859 | D:2      | Reached skill level 1 in Slings
   859 | D:2      | Reached skill level 1 in Bows
   859 | D:2      | Reached skill level 1 in Crossbows
   859 | D:2      | Reached skill level 1 in Throwing
   859 | D:2      | Reached skill level 1 in Armour
   859 | D:2      | Reached skill level 1 in Stealth
   859 | D:2      | Reached skill level 1 in Shields
   859 | D:2      | Reached skill level 1 in Unarmed Combat
   859 | D:2      | Reached skill level 1 in Evocations
   917 | D:2      | Reached XP level 4. HP: 41/41 MP: 11/11
   970 | D:2      | Offered knowledge of Freeze by Vehumet.
   972 | D:2      | Reached ** piety under Vehumet
   975 | D:2      | Learned a level 1 spell: Freeze
  1114 | D:2      | Found a white marble altar of Elyvilon.
  1239 | D:2      | Reached skill level 1 in Conjurations
  1239 | D:2      | Reached skill level 1 in Hexes
  1239 | D:2      | Reached skill level 1 in Charms
  1239 | D:2      | Reached skill level 1 in Summonings
  1239 | D:2      | Reached skill level 1 in Necromancy
  1239 | D:2      | Reached skill level 1 in Translocations
  1239 | D:2      | Reached skill level 1 in Transmutations
  1239 | D:2      | Reached skill level 1 in Fire Magic
  1239 | D:2      | Reached skill level 1 in Ice Magic
  1239 | D:2      | Reached skill level 1 in Air Magic
  1239 | D:2      | Reached skill level 1 in Earth Magic
  1239 | D:2      | Reached skill level 1 in Poison Magic
  1735 | D:4      | Noticed an ice beast
  1743 | D:4      | Slain by an ice beast
  1744 | D:4      | Reached XP level 3. HP: 0/35 MP: 9/9
  1777 | D:4      | Reached XP level 4. HP: 41/41 MP: 11/11
  1799 | D:4      | Killed an ice beast
  1799 | D:4      | Reached XP level 5. HP: 47/47 MP: 12/12
  1871 | D:4      | Found a shattered altar of Ashenzari.
  1930 | D:4      | Reached XP level 6. HP: 43/53 MP: 14/14
  2151 | D:4      | Found a runed translucent gate.
  2151 | D:4      | Found a runed translucent gate.
  2151 | D:4      | Found a runed translucent gate.
  2240 | D:4      | Noticed dscm's ghost (amateur DsAc)
  2275 | D:5      | Entered Level 5 of the Dungeon
  2581 | D:5      | Found an iron altar of Okawaru.
  2687 | D:5      | Offered knowledge of Inner Flame by Vehumet.
  2692 | D:5      | Learned a level 3 spell: Inner Flame
  2698 | D:5      | Learned a level 5 spell: Iskenderun's Battlesphere
  2758 | D:5      | Reached XP level 7. HP: 25/60 MP: 15/15
  3058 | D:5      | Reached *** piety under Vehumet
  3063 | D:5      | Found Jetisit's Gadget Boutique.
  3403 | D:6      | Found an opulent altar of Gozag.
  3442 | D:6      | Found a sand-covered staircase.
  3449 | Ossuary  | Entered an ossuary
  3664 | Ossuary  | Reached XP level 8. HP: 62/67 MP: 16/16
  3738 | Ossuary  | Offered knowledge of Dazzling Spray by Vehumet.
  3845 | Ossuary  | Learned a level 3 spell: Dazzling Spray
  4331 | D:6      | Engulfed by a cloud of flame
  4332 | D:6      | Reached XP level 7. HP: -4/60 MP: 16/16
  4414 | D:6      | Reached XP level 8. HP: 67/67 MP: 17/17
  4520 | D:6      | Reached **** piety under Vehumet
  4574 | D:6      | Offered knowledge of Stone Arrow by Vehumet.
  4579 | D:6      | Learned a level 3 spell: Stone Arrow
  4636 | D:6      | Found an iron altar of Okawaru.
  4850 | D:6      | Found a blossoming altar of Fedhas.
  4850 | D:6      | Found a stormy altar of Qazlal.
  5155 | D:7      | Found a sparkling altar of Nemelex Xobeh.
  5206 | D:7      | Found a basalt altar of Yredelemnul.
  5234 | D:7      | Found a staircase to the Lair.
  5305 | D:7      | Found a staircase to the Ecumenical Temple.
  5305 | D:7      | Killed from afar by an orc priest

Skill      XL: |  1  2  3  4  5  6  7  8 |
---------------+-------------------------+-----
Spellcasting   | 5 6 |  6.5
Invocations    | 1 2 3 4 |  4.4
Short Blades   | 1 2 4 |  4.0
Axes           | 1 2 4 |  4.0
Maces & Flails | 1 2 4 |  4.0
Polearms       | 1 2 4 |  4.0
Staves         | 1 2 4 |  4.0
Slings         | 1 2 4 |  4.0
Bows           | 1 2 4 |  4.0
Crossbows      | 1 2 4 |  4.0
Throwing       | 1 2 4 |  4.0
Armour         | 1 2 4 |  4.0
Stealth        | 1 2 4 |  4.0
Shields        | 1 2 4 |  4.0
Unarmed Combat | 1 2 4 |  4.0
Evocations     | 1 2 4 |  4.0
Conjurations   | 1 3 |  3.3
Hexes          | 1 3 |  3.3
Charms         | 1 3 |  3.3
Summonings     | 1 3 |  3.3
Necromancy     | 1 3 |  3.3
Translocations | 1 3 |  3.3
Transmutations | 1 3 |  3.3
Fire Magic     | 1 3 |  3.3
Ice Magic      | 1 3 |  3.3
Air Magic      | 1 3 |  3.3
Earth Magic    | 1 3 |  3.3
Poison Magic   | 1 3 |  3.3
Fighting       | 7 |  7.8
Long Blades    | 7 |  7.8
Dodging        | 7 |  7.8

Action                   |  1- 3 |  4- 6 |  7- 9 || total
-------------------------+-------+-------+-------++-------
Melee: Long sword        |   131 |   241 |   282 ||   654
       Bite              |     7 |    31 |    43 ||    81
       Punch             |       |     3 |       ||     3
       Whip              |       |       |    63 ||    63
       Flail             |       |       |    36 ||    36
       Trident           |       |       |    15 ||    15
Throw: Javelin           |       |    15 |     1 ||    16
 Cast: Sandblast         |       |       |     6 ||     6
       Dazzling Spray    |       |       |     9 ||     9
       Stone Arrow       |       |       |    14 ||    14
       Inner Flame       |       |       |     2 ||     2
       Iskenderun's Batt |       |       |     2 ||     2
       Freeze            |       |       |     1 ||     1
  Use: Scroll            |       |       |     8 ||     8
 Stab: Sleeping          |     3 |     5 |     5 ||    13
       Invisible         |       |       |     3 ||     3
       Distracted        |       |       |     1 ||     1
  Eat: Chunk             |       |     3 |     2 ||     5
       Ration            |       |       |     1 ||     1
Armor: Steam dragon scal |    45 |    69 |   100 ||   214
Dodge: Dodged            |   166 |   220 |   267 ||   653
Block: Other             |     9 |    13 |       ||    22
       Buckler           |       |    18 |   141 ||   159
